Map: Frozen Temple

Players

Dark - Winner!

  • Race: Zerg Zerg

PtitDrogo

  • Race: Protoss Protoss

Event: 2016 WCS Global Finals

VOD

Have the link to the VOD?

Description

Time

  • Played on: Oct. 27, 2016, 11:02 a.m.
  • Length: 13:11

All games in this series

Show
View Real Time Build Order
Export as new Build Order

Dark Zerg - Winner!

Build Orders: Hatch First 

Get SALT Encoding   

  12  0:00  Drone  
  13  0:12  Overlord  
  13  0:18  Drone  
  14  0:31  Drone  
  14  0:32  Drone  
  16  0:35  Drone  
  17  0:52  Hatchery  
  17  0:56  Drone  
  17  0:59  Drone  
  18  1:07  Extractor  
  17  1:13  Spawning Pool  
  17  1:16  Drone  
  17  1:22  Drone  
  18  1:31  Drone  
  19  1:39  Drone  
  20  1:48  Hatchery  
  19  1:58  Drone  
  20  2:01  Zergling x2  
  20  2:04  Queen  
  20  2:07  Drone  
  24  2:15  Drone  
  25  2:17  Drone  
  26  2:24  Drone  
  26  2:28  Overlord  
  27  2:33  Zergling x2  
  28  2:37  Roach Warren  
  28  2:38  Zergling x2  
  28  2:47  Burrow  
  28  2:49  Drone  
  28  2:50  Drone  
  30  2:55  Overlord  
  30  3:16  Roach x2  
  30  3:17  Roach x3  
  30  3:18  Roach  
  44  3:20  Roach  
  44  3:26  Evolution Chamber  
  43  3:28  Roach  
  45  3:34  Roach  
  45  3:39  Drone, Overlord  
  48  3:41  Drone  
  48  3:44  Drone  
  50  3:55  Overlord  
  50  3:56  Queen  
  50  3:58  Drone  
  50  4:00  Drone  
  54  4:03  Drone  
  54  4:07  Drone  
  56  4:14  Drone x2  
  56  4:15  Drone x2  
  59  4:19  Overlord  
  59  4:27  Overlord  
  59  4:31  Overlord  
  59  4:32  Overlord  
  59  4:34  Overlord  
  59  4:37  Overlord  
  59  4:41  Overlord  
  59  4:45  Drone x2  
  60  4:48  Roach x3  
  57  4:56  Drone x2  
  57  4:57  Drone  
  57  4:58  Drone x2  
  57  4:59  Drone  
  63  5:00  Drone  
  63  5:03  Queen  
  63  5:05  Roach x3  
  63  5:06  Drone  
  67  5:11  Drone  
  67  5:13  Drone x2  
  70  5:16  Drone x4  
  70  5:19  Extractor  
  73  5:22  Metabolic Boost  
  71  5:35  Roach x3  
  75  5:38  Extractor  
  75  5:39  Drone x4, Extractor  
  75  5:46  Overlord  
  75  5:47  Overlord  
  75  5:52  Roach x2  
  75  5:53  Drone x3  
  82  5:59  Lair  
  82  6:02  Drone x2, Queen  
  82  6:03  Overlord  
  86  6:09  Zergling x6  
  89  6:13  Extractor  
  89  6:14  Extractor, Zerg Missile Weapons Level 1  
  89  6:15  Drone x2  
  87  6:19  Ravager x2  
  87  6:20  Zergling x2  
  90  6:26  Roach x2  
  90  6:31  Roach x3  
  100  6:34  Zergling x6  
  100  6:35  Zergling x2, Hatchery  
  102  6:43  Zergling x2  
  102  6:44  Zergling x4  
  104  6:53  Zergling x6  
  102  6:54  Roach  
  102  6:59  Overseer  
  102  7:00  Drone x3  
  102  7:01  Drone  
  103  7:02  Drone x2  
  103  7:03  Drone x2  
  103  7:05  Drone x3  
  106  7:11  Queen  
  106  7:12  Drone  
  106  7:14  Drone  
  107  7:17  Ravager  
  107  7:18  Ravager x2  
  107  7:19  Drone  
  111  7:23  Drone  
  111  7:24  Drone  
  111  7:27  Drone  
  111  7:29  Baneling Nest  
  112  7:33  Drone  
  112  7:35  Drone  
  114  7:37  Glial Reconstitution  
  114  7:41  Drone  
  115  7:45  Drone x4  
  115  7:48  Queen  
  115  7:49  Drone x2  
  123  7:51  Drone x2  
  123  7:52  Drone  
  126  7:59  Hatchery  
  126  8:01  Zergling x2  
  126  8:02  Zergling x2, Evolution Chamber  
  126  8:04  Overlord x3  
  126  8:08  Drone, Zerg Melee Weapons Level 1  
  126  8:12  Centrifical Hooks  
  127  8:26  Drone x4  
  131  8:27  Drone  
  131  8:28  Drone  
  131  8:30  Zergling x18  
  142  8:35  Pneumatized Carapace  
  142  8:37  Zergling x6  
  145  8:41  Infestation Pit  
  145  8:44  Drone, Zergling x2  
  145  8:45  Zergling x4, Spore Crawler  
  145  8:46  Overlord x2  
  147  8:50  Zergling x4  
  147  8:52  Ravager x3  
  147  8:53  Baneling  
  147  8:54  Baneling x10  
  151  8:59  Overlord  
  151  9:00  Overlord x3  
  151  9:05  Zergling x2  
  151  9:06  Zergling x8  
  154  9:15  Zergling x16  
  154  9:20  Hive  
  154  9:22  Zergling x6  
  154  9:23  Zergling x2  
  155  9:27  Zergling x4  
  155  9:28  Baneling  
  155  9:29  Baneling x3  
  156  9:32  Baneling x9  
  156  9:33  Ravager  
  156  9:34  Ravager x6  
  156  9:35  Zergling x8  
  156  9:36  Zergling x12  
  173  9:38  Drone  
  173  9:43  Baneling x13  
  174  9:46  Baneling x2  
  174  9:47  Baneling  
  174  9:49  Zergling x10  
  174  9:50  Zergling x6  
  169  10:08  Zergling x14  
  169  10:12  Zergling x4  
  169  10:13  Zergling x10  
  146  10:15  Zergling x4  
  136  10:21  Zergling x10  
  136  10:22  Zergling x2  
  136  10:27  Zergling x8  
  141  10:30  Zergling x2  
  141  10:34  Zergling x4  
  144  10:36  Zergling x4  
  144  10:42  Zerg Melee Weapons Level 2  
  146  10:43  Zerg Ground Armor Level 1, Zergling x2, Ultralisk Cavern  
  146  10:44  Zergling x10  
  146  10:45  Adrenal Glands  
  151  10:51  Hatchery  
  151  10:52  Zergling x8  
  151  10:55  Baneling x2  
  151  10:56  Baneling x15  
  154  10:57  Zergling x4  
  154  10:59  Zergling x4  
  154  11:00  Zergling x2  
  159  11:04  Zergling x4  
  159  11:05  Zergling x2  
  159  11:06  Baneling x2  
  159  11:08  Zergling x4  
  163  11:13  Zergling x6  
  162  11:18  Zergling x2  
  162  11:19  Zergling x2  
  150  11:26  Zergling x2  
  150  11:27  Zergling x14  
  150  11:28  Zergling x4  
  150  11:29  Zergling x2  
  150  11:30  Zergling x8  
  150  11:31  Zergling x6  
  154  11:36  Zergling x12  
  154  11:42  Zergling x6  
  154  11:46  Ultralisk  
  163  11:48  Baneling x6  
  163  11:49  Baneling x2  
  163  11:52  Drone x3  
  166  12:00  Ultralisk  
  172  12:02  Zergling x6  
  172  12:04  Zergling x4  
  172  12:05  Zergling x2  
  172  12:06  Zergling x2  
  179  12:09  Zergling x8  
  182  12:16  Ultralisk  
  182  12:17  Zergling x2  
  182  12:22  Zergling x4  
  188  12:32  Zergling x20  
  196  12:39  Zergling x4  
  181  12:46  Zergling x16  
  181  12:48  Baneling x8  
  181  12:49  Zergling x10  
  181  12:50  Zergling x6  
  189  12:54  Baneling x8  
Show
View Real Time Build Order
Export as new Build Order

PtitDrogo Protoss 

Build Orders: 1 Gate Expand 

Get SALT Encoding   

  12  0:00  Probe (Chrono Boost)  
  13  0:11  Probe (Chrono Boost)  
  14  0:18  Pylon  
  14  0:21  Probe (Chrono Boost)  
  15  0:36  Probe (Chrono Boost)  
  15  0:38  Gateway  
  16  0:47  Probe (Chrono Boost)  
  16  0:48  Assimilator  
  17  0:57  Probe (Chrono Boost)  
  18  1:08  Probe (Chrono Boost)  
  19  1:20  Nexus  
  19  1:22  Probe (Chrono Boost)  
  20  1:32  Cybernetics Core  
  20  1:35  Probe (Chrono Boost)  
  21  1:40  Assimilator  
  21  1:45  Probe (Chrono Boost)  
  22  1:49  Pylon  
  22  1:56  Probe (Chrono Boost)  
  23  2:05  Adept  
  23  2:06  Warp Gate  
  26  2:09  Probe (Chrono Boost)  
  26  2:21  Probe (Chrono Boost)  
  27  2:23  Twilight Council  
  27  2:28  Adept  
  27  2:32  Probe (Chrono Boost)  
  27  2:33  Probe (Chrono Boost)  
  31  2:43  Probe (Chrono Boost)  
  33  2:45  Probe (Chrono Boost)  
  33  2:46  Resonating Glaives  
  33  2:52  Adept  
  33  2:54  Probe (Chrono Boost)  
  33  2:57  Probe (Chrono Boost)  
  38  3:06  Probe (Chrono Boost)  
  38  3:09  Probe (Chrono Boost)  
  39  3:13  Gateway  
  39  3:14  Gateway  
  39  3:15  Adept  
  39  3:18  Probe (Chrono Boost)  
  42  3:24  Probe (Chrono Boost)  
  42  3:25  Pylon  
  43  3:31  Mothership Core (Chrono Boost)  
  45  3:36  Probe (Chrono Boost)  
  46  3:44  Pylon  
  46  3:48  Probe (Chrono Boost)  
  47  3:51  Probe (Chrono Boost)  
  48  3:57  Nexus  
  48  4:01  Probe (Chrono Boost)  
  50  4:03  Probe (Chrono Boost)  
  50  4:05  Pylon  
  50  4:10  Gateway  
  50  4:12  Pylon  
  50  4:13  Stalker x3  
  56  4:19  Robotics Facility  
  56  4:22  Probe (Chrono Boost)  
  56  4:23  Probe (Chrono Boost)  
  58  4:25  Pylon  
  58  4:27  Pylon  
  58  4:36  Probe (Chrono Boost)  
  58  4:38  Pylon  
  59  4:39  Pylon  
  59  4:43  Stalker x2  
  61  4:48  Probe x2 (Chrono Boost)  
  61  4:58  Probe (Chrono Boost)  
  61  4:59  Probe (Chrono Boost)  
  62  5:04  Observer  
  62  5:09  Probe (Chrono Boost)  
  62  5:11  Probe (Chrono Boost)  
  62  5:12  Zealot x2  
  67  5:14  Cybernetics Core  
  67  5:19  Assimilator  
  67  5:20  Probe (Chrono Boost)  
  68  5:21  Assimilator  
  68  5:23  Probe (Chrono Boost)  
  68  5:30  Probe (Chrono Boost)  
  68  5:35  Probe (Chrono Boost)  
  68  5:41  Probe (Chrono Boost)  
  69  5:43  Pylon  
  69  5:47  Probe (Chrono Boost)  
  70  5:51  Probe (Chrono Boost)  
  70  5:59  Probe (Chrono Boost)  
  70  6:02  Adept x2, Probe (Chrono Boost)  
  76  6:04  Adept  
  79  6:12  Probe x2 (Chrono Boost)  
  80  6:20  Nexus  
  80  6:21  Immortal, Pylon  
  80  6:23  Probe (Chrono Boost)  
  80  6:24  Probe (Chrono Boost)  
  80  6:25  Pylon  
  82  6:27  Sentry x2  
  82  6:28  Sentry  
  92  6:33  Probe (Chrono Boost)  
  92  6:36  Probe (Chrono Boost)  
  92  6:38  Forge  
  94  6:44  Probe (Chrono Boost)  
  96  6:48  Probe (Chrono Boost)  
  96  6:56  Immortal  
  96  6:59  Protoss Ground Weapons Level 1  
  96  7:00  Probe (Chrono Boost)  
  90  7:02  Probe (Chrono Boost)  
  86  7:12  Adept x3, Probe (Chrono Boost)  
  86  7:14  Probe (Chrono Boost)  
  88  7:22  Gateway  
  88  7:23  Gateway  
  88  7:25  Phoenix  
  88  7:28  Photon Cannon  
  88  7:30  Immortal  
  88  7:36  Photon Cannon  
  95  7:37  Probe x3 (Chrono Boost)  
  95  7:42  Sentry  
  95  7:43  Sentry  
  99  7:47  Templar Archives  
  99  7:50  Gateway, Probe (Chrono Boost)  
  100  7:53  Assimilator  
  100  7:54  Charge  
  100  7:55  Assimilator  
  100  7:57  Probe (Chrono Boost)  
  100  7:58  Pylon, Probe (Chrono Boost)  
  102  8:03  Pylon  
  102  8:05  Immortal  
  106  8:12  Phoenix  
  106  8:16  Probe (Chrono Boost)  
  107  8:20  Gateway  
  107  8:22  Photon Cannon  
  107  8:23  Pylon  
  107  8:33  Gateway  
  107  8:35  Gateway  
  107  8:37  Gateway, Pylon  
  107  8:39  Warp Prism  
  107  8:44  Pylon  
  109  8:58  Nexus  
  109  8:59  Pylon  
  109  9:06  High Templar x5  
  109  9:07  High Templar, Pylon  
  121  9:11  Archon x3  
  102  9:17  Protoss Ground Weapons Level 2  
  98  9:27  Photon Cannon  
  98  9:31  Zealot x3  
  99  9:35  Probe x2 (Chrono Boost)  
  99  9:36  Probe (Chrono Boost)  
  99  9:38  Immortal  
  106  9:41  High Templar x2, Zealot x3  
  106  9:42  Zealot x2  
  124  9:46  Archon  
  124  9:49  Probe (Chrono Boost)  
  125  9:59  Zealot x3  
  117  10:08  Zealot x5  
  99  10:17  Zealot x2  
  93  10:22  Zealot x3  
  77  10:32  High Templar x5  
  77  10:33  High Templar, Zealot x2  
  89  10:36  Archon x2  
  89  10:37  Archon  
  89  10:38  Immortal  
  93  10:52  Zealot x2  
  93  10:54  High Templar x2  
  101  10:58  Archon  
  101  11:02  Nexus  
  101  11:04  Pylon, Zealot x3  
  101  11:05  Zealot x2  
  102  11:30  Immortal, Zealot x4  
  102  11:31  Zealot x6  
  94  11:56  High Templar x4  
  102  12:02  Archon x2  
  102  12:03  Nexus  
  102  12:06  Immortal  
  102  12:09  Pylon  
  106  12:17  High Templar  
  106  12:18  High Templar  
  110  12:23  Archon  
  110  12:25  Zealot  
  110  12:26  Zealot x2  
  110  12:34  Zealot  
  106  12:42  Zealot x2  
  100  12:45  Zealot  
  100  12:49  Photon Cannon  
  100  12:50  Zealot  
  98  12:55  High Templar x2  
  102  13:00  Archon  
  102  13:05  High Templar x2, Zealot x2  
Tags
 
Add a new tag
Caveats
  • Supply blocks, unpowered buildings, or Contaminate may cause inaccurate times.
  • Supply counts are checked every 10 seconds.